 Dungeon Crawl Stone Soup version 0.17.1-3-g152610e (webtiles) character file.

281 theElss the Magician (level 6, -3/35 HPs)
             Began as a Deep Elf Conjurer on Mar 22, 2016.
             Killed by divine providence
             ... invoked by an orc priest
              (10 damage)
             ... on level 3 of the Dungeon.
             The game lasted 00:10:42 (2773 turns).

theElss the Magician (Deep Elf Conjurer)            Turns: 2773, Time: 00:10:42

Health: -3/35      AC:  3    Str:  5    XL:     6   Next: 6%
Magic:  8/17       EV: 13    Int: 22    God:
Gold:   127        SH:  0    Dex: 15    Spells: 4 memorised, 5 levels left

rFire  . . .     SeeInvis .     (no weapon)
rCold  . . .     Clarity  .     a - +0 robe
rNeg   . . .     SustAt   .     (no shield)
rPois  .         Gourm    .     s - +0 helmet
rElec  .         Spirit   .     (no cloak)
rCorr  .         Warding  .     (no gloves)
rMut   .         Stasis   .     (no boots)
MR     .....                    (no amulet)
Stlth  ++........               (no ring)
                                (no ring)

@: not resistant to hostile enchantments, unstealthy
A: no striking features
a: no special abilities


You were on level 3 of the Dungeon.
You were hungry.

You visited 1 branch of the dungeon, and saw 3 of its levels.

You collected 127 gold pieces.

Inventory:

Armour
 a - a +0 robe (worn)
 s - a +0 helmet (worn)
Scrolls
 d - 4 scrolls of identify {unknown}
 f - a scroll of enchant weapon {unknown}
 g - a scroll of fog {unknown}
 h - 4 scrolls of remove curse {unknown}
 l - a scroll of amnesia {unknown}
 n - 2 scrolls of enchant armour {unknown}
 t - 2 scrolls of recharging {unknown}
Potions
 e - 2 potions of curing {unknown}
 i - a potion of mutation {unknown}
 k - a potion of resistance {unknown}
 m - a potion of degeneration {unknown}
 o - a potion of cure mutation {unknown}
 q - a potion of heal wounds {unknown}
 r - a potion of might {unknown}
Books
 b - a book of Conjurations

   Spells                             Type                      Level
   a - Magic Dart                     Conjuration                  1
   b - Searing Ray                    Conjuration                  2
   c - Dazzling Spray                 Conjuration/Hexes            3
   d - Fulminant Prism                Conjuration/Hexes            4
   e - Iskenderun's Mystic Blast      Conjuration                  4
   f - Iskenderun's Battlesphere      Conjuration/Charms           5
Comestibles
 c - 2 bread rations
 j - a meat ration
 p - a royal jelly


   Skills:
 * Level 1.8 Fighting
 - Level 2.4 Dodging
 - Level 2.4 Stealth
 * Level 6.1 Spellcasting
 + Level 6.0 Conjurations


You had 5 spell levels left.
You knew the following spells:

 Your Spells              Type           Power        Failure   Level  Hunger
a - Magic Dart            Conj           ####         1%          1    None
b - Iskenderun's Battles  Conj/Chrm      ###.....     75%         5    #####..
c - Searing Ray           Conj           ####..       1%          2    None
d - Iskenderun's Mystic   Conj           ####....     10%         4    ###....


Dungeon Overview and Level Annotations

Branches:
Dungeon (3/15)

Altars:
Makhleb
Trog


Message History

The magic dart hits the orc priest.
The orc priest is severely wounded.
The orc hits you with a flail of protection!
The orc wizard mumbles some strange words.
The orc wizard blinks!
The orc priest hits you with a club.
Unknown command.
Casting: Magic Dart
Confirm with . or Enter, or press ? or * to list all spells.
Aiming: Magic Dart
Press: ? - help, Shift-Dir - straight line, f/p - orc priest
Aim: an orc priest, wielding a club and wearing a scale mail (severely wounded)
The magic dart hits the orc priest.
The orc priest is severely wounded.
The orc barely misses you.
The orc priest calls down the wrath of Beogh upon you.
Pain shoots through your body!
* * * LOW HITPOINT WARNING * * *
The orc priest calls down the wrath of Beogh upon you.
Something smites you!
You die...

...........(...###.......#
.#.......................#
..........>......#.......#
.######...........<......#
#...........<......#
##....####..##..####
#####.#####..[####.##
#...†....o[.....# #..#
####......o@..#######.#
#...######.....###.# ....#
#...###.....## ##... #.###
#####..## #... #.#
#...#### #.$. ### #.......
#....... #....... ########


You could see an orc priest and an orc.

Vanquished Creatures
  The ghost of Shufflesack the Sneak, an amateur HaAs (D:3)
  4 adders (D:2)
  3 worms
  An orc (D:3)
  7 bats
  6 giant cockroaches
  8 hobgoblins
  3 jackals (D:1)
  8 kobolds
  A quokka (D:2)
  2 giant geckos (D:3)
  6 giant newts
  A goblin (D:3)
  16 rats
67 creatures vanquished.

Notes
Turn   | Place    | Note
--------------------------------------------------------------
     0 | D:1      | theElss the Deep Elf Conjurer began the quest for the Orb.
     0 | D:1      | Reached XP level 1. HP: 10/10 MP: 6/6
   265 | D:1      | Reached XP level 2. HP: 15/15 MP: 5/8
   295 | D:1      | Learned a level 2 spell: Searing Ray
  1264 | D:1      | Reached XP level 3. HP: 20/20 MP: 6/10
  1321 | D:1      | Reached skill level 5 in Conjurations
  1648 | D:2      | Found a bloodstained altar of Trog.
  1649 | D:2      | Found a burning altar of Makhleb.
  1715 | D:2      | Reached skill level 1 in Fighting
  1888 | D:2      | Reached XP level 4. HP: 25/25 MP: 9/12
  1948 | D:2      | Learned a level 4 spell: Iskenderun's Mystic Blast
  2296 | D:3      | Noticed Shufflesack's ghost (amateur HaAs)
  2517 | D:3      | Killed Shufflesack's ghost
  2517 | D:3      | Reached skill level 6 in Spellcasting
  2517 | D:3      | Reached XP level 5. HP: 23/30 MP: 2/15
  2517 | D:3      | Reached XP level 6. HP: 26/35 MP: 2/17
  2524 | D:3      | Learned a level 5 spell: Iskenderun's Battlesphere
  2773 | D:3      | Killed from afar by an orc priest

Action                   |  1- 3 |  4- 6 || total
-------------------------+-------+-------++-------
 Cast: Magic Dart        |    80 |    43 ||   123
       Searing Ray       |     3 |     5 ||     8
  Eat: Chunk             |     3 |     2 ||     5
